 Dungeon Sprint DCSS version 0.17-a0-1435-geafbe2f (webtiles) character file.

11534 emikaela the Unseen (level 11, -3/60 (61) HPs)
             Began as a Felid Monk on June 26, 2015.
             Was the Champion of Jiyva.
             Engulfed by a cloud of foul pestilence (7 damage)
             ... in the Dungeon (Sprint I: "Red Sonja").
             The game lasted 00:37:25 (3398 turns).

emikaela the Unseen (Felid Monk)                    Turns: 3398, Time: 00:37:25

HP:   -3/60 (61)    AC: 15    Str:  8    XL:     11   Next: 50%
MP:   34/34         EV: 34    Int: 16    God:    Jiyva [******]
Gold: 1332          SH:  0    Dex: 22    Spells: 6 memorised, 8 levels left
                                        Lives: 0   Deaths: 2

rFire  + . .     SeeInvis +       - Unarmed
rCold  + + +     Clarity  +     (armour unavailable)
rNeg   . . .     SustAt   .     (shield unavailable)
rPois  +         Gourm    .     (helmet unavailable)
rElec  .         Spirit   .     (cloak unavailable)
rCorr  +         Warding  .     (gloves unavailable)
rMut   .         NoTele   +     (boots unavailable)
MR     ++...                    (no amulet)
Stlth  +++++++++.               (no ring)
                                s - ring of magical power

@: lethally poisoned (-3 -> -14), icy armour, marked, hasted and slowed, quick,
very resistant to hostile enchantments, incredibly stealthy
A: no armour, no weapons or thrown items, claws 1, fangs 3, rugged brown scales
1, slimy green scales 1, thin metallic scales 1, see invisible, agile 1,
carnivore 3, clarity, clever 1, cold resistance 3, fire resistance 1, speed 1,
magic resistance 1, sense surroundings 2, poison resistance, shaggy fur 3, slow
metabolism 1, sharp paws
a: Request Jelly, Jelly Paralyse, Slimify, Cure Bad Mutation, Renounce Religion


You were in the Dungeon.
You worshipped Jiyva.
Jiyva was exalted by your worship.
You were not hungry.

You visited 1 branch You collected 3304 gold pieces.
You spent 1972 gold pieces at shops.

Inventory:

Jewellery
 s - a ring of magical power (left paw)
Magical devices
 c - a wand of draining (8)
Scrolls
 g - a scroll of blinking
 i - 3 scrolls of remove curse
 k - 2 scrolls of amnesia
 n - a scroll of fog
 o - a scroll of random uselessness
 p - a scroll of enchant weapon {unknown}
Potions
 e - 2 potions of magic
 f - a potion of berserk rage
 h - a potion of poison
 l - a potion of invisibility
 q - a potion of cancellation
 r - a potion of resistance
Books
 j - a book of Hinderance
 t - a book of Frost
 u - a book of Enchantments
 v - a book of Party Tricks
Comestibles
 a - 2 meat rations


   Skills:
 - Level 14.6 Fighting
 - Level 15.6 Dodging
 - Level 20.7 Stealth
 - Level 18.1 Unarmed Combat
 + Level 9.8 Spellcasting
 - Level 16.2 Hexes
 * Level 6.1 Charms
 + Level 0.0 Translocations
 - Level 4.6 Ice Magic


You had 8 spell levels left.
You knew the following spells:

 Your Spells              Type           Power        Failure   Level  Hunger
a - Ozocubu's Armour      Chrm/Ice       ####....     3%          3    None
b - Confusing Touch       Hex            ######       1%          2    None
c - Confuse               Hex            ######..     1%          3    None
d - Apportation           Tloc           #.........   12%         1    None
h - Haste                 Chrm           ####....     93%         6    ######.
i - Invisibility          Hex            ######..     1%          6    ######.


Dungeon Overview and Level Annotations

Branches:
Dungeon (1/1)

Altars:
Cheibriados
Dithmenos
Elyvilon
Fedhas
Gozag
Kikubaaqudgha
Makhleb
Nemelex Xobeh
Okawaru
Qazlal
Ru
Sif Muna
Trog
Vehumet
Xom
Yredelemnul
Zin
The Shining One
Jiyva

Shops:
D (([}*[::[[([%*%?((%[?%

Annotations:
D exclusions: daeva and oklob plant, Lom Lobon, Norris, Tiamat


Innate Abilities, Weirdness & Mutations

You cannot wear armour.
You are incapable of wielding weapons or throwing items.
You have sharp claws.
You have razor-sharp teeth.
You have supernaturally acute eyesight.
You are carnivorous and can eat meat at any time.
You cover ground quickly.
Your thick and shaggy fur keeps you warm (AC +3, rC+).
You have a slow metabolism.
Your sharp claws are effective at attacking unaware monsters.
You are partially covered in rugged brown scales (AC +1, +3% HP).
You are partially covered in slimy green scales (AC +2).
You are partially covered in thin metallic scales (AC +2).
You are agile. (Dex +2)
You possess an exceptional clarity of mind.
Your mind is acute. (Int +2)
Your flesh is almost immune to the effects of cold.
Your flesh is heat resistant.
You are resistant to hostile enchantments.
You passively map the area around you.
Your system is resistant to poisons.


Message History

Lom Lobon gestures. 3 ball lightnings come into view.
An arrow shoots out and misses you.
You are engulfed in dark miasma.
You are poisoned.
* * * LOW HITPOINT WARNING * * *
x2 You feel sick.
An arrow hits the ball lightning!
The ball lightning explodes!
The blast of lightning engulfs the ball lightning.
The ball lightning completely resists.
The blast of lightning engulfs Lom Lobon.
Lom Lobon completely resists.
The blast of lightning engulfs the ball lightning.
The ball lightning completely resists.
Lom Lobon gestures. 4 ball lightnings come into view.
There is an arrow trap here.
Drink which item? (? for menu, Esc to quit)
You feel yourself speed up.
You are engulfed in dark miasma.
You feel your flesh rotting away!
You die...

#'.#..(#####...####.#≈≈≈§##).)...
####.........###§**§#≈≈≈§§#######
##.......#####§*§&####≈§§&#≈≈≈≈≈#
##.(....##§§§§§...#..#'≈§J'§§§§&'
#.....##§§§§§§**§#...##§§#§§§≈≈#
##.....#.§§§§§§§§§#....######'###
############§§§§*§#....#≈≈≈≈≈≈≈≈≈
##≈≈≈≈≈≈≈≈d#.§§§§§#######≈≈≈≈≈≈≈≈
###########..§§@§§§"#|['...≈≈≈≈≈
#..0..+......§§§§#})'=|#$.......
################################


You could see Lom Lobon and 6 ball lightnings.

Vanquished Creatures
  the Lernaean hydra (D)
  4 fire giants (D)
  A lorocyproca (D)
  A deep elf annihilator (D)
  A hydra (D)
  2 centaur warriors (D)
  Sonja (D)
  7 unseen horrors (D)
  A deep troll (D)
  A lindwurm (D)
  An oklob plant (D)
  8 shining eyes (D)
  2 sirens (D)
  A gargoyle (D)
  4 demonic crawlers (D)
  A hellwing (D)
  A slime creature (D)
  4 trapdoor spiders (D)
  Sigmund (D)
  A yak (D)
  13 hogs (D)
  4 wasps (D)
  5 necrophages (D)
  An ogre (D)
  A jelly (D)
  Ijyb (D)
  4 giant eyeballs (D)
73 creatures vanquished.

Vanquished Creatures (collateral kills)
  A golden dragon (D)
  A shadow dragon (D)
  A wasp (D)
3 creatures vanquished.

Vanquished Creatures (others)
  A deep elf master archer (D)
  A ball lightning (D)
  A gargoyle (D)
  2 kobold demonologists (D)
  2 necrophages (D)
  36 jellies (D)
  3 giant eyeballs (D)
  2 giant spores (D)
  A ballistomycete (D)
49 creatures vanquished.

Grand Total: 125 creatures vanquished

Notes
Turn   | Place    | Note
--------------------------------------------------------------
     0 | D        | emikaela the Felid Monk began the quest for the Orb.
     0 | D        | Reached XP level 1. HP: 10/10 MP: 2/2
     1 | D        | Noticed Ijyb
    17 | D        | Killed Ijyb
    17 | D        | Reached skill level 7 in Stealth
    17 | D        | Reached skill level 5 in Unarmed Combat
    17 | D        | Reached XP level 2. HP: 9/14 MP: 3/3
   142 | D        | Noticed an ogre
   145 | D        | Killed an ogre
   145 | D        | Reached skill level 5 in Dodging
   145 | D        | Reached skill level 9 in Stealth
   145 | D        | Reached XP level 3. HP: 16/18 MP: 4/4
   145 | D        | Reached XP level 4. HP: 19/22 MP: 5/5
   189 | D        | Noticed Sigmund
   192 | D        | Killed Sigmund
   192 | D        | Reached skill level 5 in Fighting
   192 | D        | Reached skill level 11 in Stealth
   192 | D        | Reached XP level 5. HP: 24/26 MP: 6/6
   228 | D        | Found a deep blue altar of Sif Muna.
   231 | D        | Found a snail-covered altar of Cheibriados.
   231 | D        | Found a viscous altar of Jiyva.
   231 | D        | Found a shadowy altar of Dithmenos.
   231 | D        | Found a blossoming altar of Fedhas.
   231 | D        | Noticed a slime creature
   234 | D        | Killed a slime creature
   234 | D        | Reached skill level 12 in Stealth
   234 | D        | Gained mutation: You are covered in thick fur (AC +2). [Felid growth]
   234 | D        | Reached XP level 6. HP: 29/31 MP: 7/7
   244 | D        | Became a worshipper of Dithmenos the Shadowed
   244 | D        | Acquired Dithmenos's first power
   247 | D        | Noticed a jelly
   249 | D        | Found a radiant altar of Vehumet.
   253 | D        | Killed a jelly
   269 | D        | Found Geetoid's Gadget Emporium.
   269 | D        | Found a white marble altar of Elyvilon.
   269 | D        | Found a stormy altar of Qazlal.
   269 | D        | Found a basalt altar of Yredelemnul.
   269 | D        | Found an iron altar of Okawaru.
   269 | D        | Found a sparkling altar of Nemelex Xobeh.
   269 | D        | Found a shimmering altar of Xom.
   269 | D        | Found an ancient bone altar of Kikubaaqudgha.
   269 | D        | Noticed a yak
   270 | D        | Found a burning altar of Makhleb.
   270 | D        | Found a sacrificial altar of Ru.
   270 | D        | Found a glowing golden altar of the Shining One.
   270 | D        | Found an opulent altar of Gozag.
   270 | D        | Found a glowing silver altar of Zin.
   271 | D        | Killed a yak
   271 | D        | Reached skill level 10 in Unarmed Combat
   271 | D        | Reached XP level 7. HP: 35/35 MP: 8/8
   272 | D        | Found a bloodstained altar of Trog.
   289 | D        | Noticed Sonja
   293 | D        | Killed Sonja
   293 | D        | Reached skill level 10 in Dodging
   293 | D        | Reached skill level 13 in Stealth
   293 | D        | Reached XP level 8. HP: 37/40 MP: 9/9
   307 | D        | Found Teug's Antique Weapon Boutique.
   315 | D        | Noticed a deep troll
   319 | D        | Killed a deep troll
   319 | D        | Acquired Dithmenos's second power
   319 | D        | Reached skill level 14 in Stealth
   335 | D        | Found Xecket's Armour Emporium.
   375 | D        | Noticed a shining eye
   375 | D        | Noticed a shining eye
   375 | D        | Noticed a shining eye
   376 | D        | Noticed a shining eye
   376 | D        | Noticed a shining eye
   376 | D        | Noticed a shining eye
   377 | D        | Noticed a shining eye
   377 | D        | Noticed a shining eye
   378 | D        | Killed a shining eye
   378 | D        | Reached skill level 15 in Stealth
   378 | D        | Reached XP level 9. HP: 43/45 MP: 10/10
   382 | D        | Killed a shining eye
   385 | D        | Killed a shining eye
   385 | D        | Reached skill level 16 in Stealth
   387 | D        | Acquired Dithmenos's third power
   387 | D        | Gained mutation: You are frail (-10% HP). [a shining eye]
   388 | D        | Gained mutation: You occasionally shout uncontrollably at your foes. [a shining eye]
   389 | D        | Killed a shining eye
   389 | D        | Paralysed by a giant eyeball for 4 turns
   392 | D        | Gained mutation: You are weak. (Str -2) [a shining eye]
   393 | D        | Gained mutation: Your body sometimes deteriorates upon taking damage. [a shining eye]
   398 | D        | Gained mutation: You are very frail (-20% HP). [a shining eye]
   399 | D        | Killed a shining eye
   399 | D        | Reached skill level 17 in Stealth
   400 | D        | Gained mutation: You expend magic power (3 MP) to strengthen your wands. [a shining eye]
   401 | D        | Paralysed by a giant eyeball for 4 turns
   402 | D        | Gained mutation: You heal slowly when monsters are visible. [a shining eye]
   404 | D        | Gained mutation: You are extremely frail (-30% HP). [a shining eye]
   406 | D        | Gained mutation: Your spells are a little easier to cast, but a little less powerful. [a shining eye]
   408 | D        | Killed a shining eye
   408 | D        | Reached skill level 10 in Fighting
   408 | D        | Reached XP level 10. HP: 35/35 MP: 11/11
   409 | D        | Paralysed by a giant eyeball for 2 turns
   411 | D        | Gained mutation: You sometimes yell uncontrollably at your foes. [a shining eye]
   412 | D        | Gained mutation: You are very weak. (Str -4) [a shining eye]
   414 | D        | Killed a shining eye
   422 | D        | Killed a shining eye
   422 | D        | Acquired Dithmenos's fourth power
   422 | D        | Reached skill level 18 in Stealth
   426 | D        | Found Tepsaxte's General Store.
   426 | D        | Found Fipeth's Antique Weapon Shoppe.
   426 | D        | Found Zaudgh's Armour Boutique.
   426 | D        | Found Ozuattam's Armour Emporium.
   468 | D        | Noticed a centaur warrior
   468 | D        | Noticed a centaur warrior
   470 | D        | Killed a centaur warrior
   471 | D        | Killed a centaur warrior
   471 | D        | Reached skill level 15 in Unarmed Combat
   480 | D        | Learned a level 2 spell: Confusing Touch
   484 | D        | Learned a level 3 spell: Confuse
   497 | D        | Noticed a wasp
   500 | D        | Killed a wasp
   500 | D        | Reached skill level 19 in Stealth
   500 | D        | Reached skill level 1 in Hexes
   510 | D        | Noticed an oklob plant
   516 | D        | Killed an oklob plant
   523 | D        | Noticed a trapdoor spider
   525 | D        | Noticed a trapdoor spider
   529 | D        | Killed a trapdoor spider
   535 | D        | Noticed a trapdoor spider
   538 | D        | Killed a trapdoor spider
   544 | D        | Noticed a trapdoor spider
   551 | D        | Killed a trapdoor spider
   555 | D        | Killed a trapdoor spider
   574 | D        | Fell from the grace of Dithmenos
   574 | D        | Became a worshipper of Jiyva Juanes the Shapeless
   594 | D        | Acquired Jiyva's first power
   594 | D        | Acquired Jiyva's second power
   726 | D        | Lost mutation: Your body sometimes deteriorates upon taking damage. [Jiyva's grace]
   732 | D        | Noticed an unseen horror
   732 | D        | Noticed an unseen horror
   738 | D        | Killed an unseen horror
   738 | D        | Reached skill level 5 in Hexes
   738 | D        | Reached XP level 11. HP: 38/38 MP: 12/12
   739 | D        | Acquired Jiyva's third power
   742 | D        | Lost mutation: Your spells are a little easier to cast, but a little less powerful. [Jiyva's grace]
   744 | D        | Killed an unseen horror
   749 | D        | Acquired Jiyva's fourth power
   760 | D        | Gained mutation: Your spells are a little harder to cast, but a little more powerful. [Jiyva's grace]
   761 | D        | Lost mutation: You are extremely frail (-30% HP). [Jiyva's power]
   764 | D        | Lost mutation: Your spells are a little harder to cast, but a little more powerful. [Jiyva's grace]
   842 | D        | Noticed a jelly
   842 | D        | Noticed a jelly
   842 | D        | Noticed a jelly
   843 | D        | Noticed a jelly
   843 | D        | Noticed a jelly
   843 | D        | Noticed a jelly
   843 | D        | Noticed a jelly
   845 | D        | Noticed a necrophage
   846 | D        | Noticed a necrophage
   846 | D        | Noticed a necrophage
   847 | D        | Noticed a necrophage
   847 | D        | Noticed a necrophage
   847 | D        | Killed a jelly
   848 | D        | Noticed a necrophage
   848 | D        | Noticed a necrophage
   849 | D        | Killed a necrophage
   852 | D        | Killed a necrophage
   853 | D        | Lost mutation: You sometimes yell uncontrollably at your foes. [Jiyva's grace]
   854 | D        | Lost mutation: You expend magic power (3 MP) to strengthen your wands. [Jiyva's grace]
   856 | D        | Killed a necrophage
   856 | D        | Lost mutation: You are very weak. (Str -4) [Jiyva's grace]
   857 | D        | Killed a necrophage
   858 | D        | Killed a necrophage
   859 | D        | Killed a necrophage
   859 | D        | Gained mutation: You are clumsy. (Dex -2) [Jiyva's grace]
   861 | D        | Gained mutation: You are covered in slimy tendrils that may disarm your opponents. [Jiyva's grace]
   862 | D        | Killed a necrophage
   863 | D        | Gained mutation: You have acidic saliva. [Jiyva's grace]
   863 | D        | Gained mutation: Your body is partially covered in golden eyeballs (Acc +3). [Jiyva's grace]
   863 | D        | Gained mutation: You have a pair of small antennae on your head. [Jiyva's grace]
   863 | D        | Lost mutation: You are very frail (-20% HP). [Jiyva's grace]
   864 | D        | Found Cuuheniv's Book Shoppe.
   864 | D        | Found Etaydafu's Book Shop.
   864 | D        | Found Ynlas's Armour Boutique.
   866 | D        | Found Xenoh's Antique Armour Emporium.
   866 | D        | Found Jaeluopn's Antique Weapon Shop.
   866 | D        | Found Ipirch's Armour Shoppe.
   866 | D        | Found Sudemn's Food Boutique.
   866 | D        | Found Naijatsu's Assorted Antiques.
   866 | D        | Found Exkoa's Food Shop.
   866 | D        | Found Beihiovuw's Magic Scroll Shoppe.
   872 | D        | Found Engyzehu's Weapon Boutique.
   873 | D        | Found Leghan's Food Emporium.
   873 | D        | Found Kuqor's Weapon Boutique.
   874 | D        | Found Riwurene's Magic Scroll Emporium.
   890 | D        | Lost mutation: You are weak. (Str -2) [Jiyva's power]
   901 | D        | Killed a kobold demonologist
   937 | D        | Killed a kobold demonologist
   938 | D        | Gained mutation: You sometimes yell uncontrollably at your foes. [Jiyva's grace]
   939 | D        | Lost mutation: You are clumsy. (Dex -2) [Jiyva's power]
   961 | D        | Lost mutation: You sometimes yell uncontrollably at your foes. [Jiyva's power]
   967 | D        | Gained mutation: Your skin is partially translucent (Stealth, -foe acc). [Jiyva's grace]
   968 | D        | Lost mutation: You are frail (-10% HP). [Jiyva's power]
   975 | D        | Lost mutation: You occasionally shout uncontrollably at your foes. [Jiyva's power]
   975 | D        | Gained mutation: You passively map a small area around you. [Jiyva's grace]
   978 | D        | Bought a dark potion for 18 gold pieces
   978 | D        | Bought a scroll labeled ZEDAWKENKI for 21 gold pieces
   978 | D        | Bought a scroll labeled QUEGUOT YDORE for 21 gold pieces
   978 | D        | Bought a fizzy black potion for 18 gold pieces
   978 | D        | Bought a scroll labeled RAUPNO BASULO for 21 gold pieces
   980 | D        | Bought a scroll of identify for 22 gold pieces
   980 | D        | Bought a scroll of fog for 22 gold pieces
   980 | D        | Bought a scroll of remove curse for 33 gold pieces
   980 | D        | Bought a scroll of identify for 22 gold pieces
   984 | D        | Bought a scroll of amnesia for 42 gold pieces
   984 | D        | Bought a scroll of random uselessness for 12 gold pieces
  1027 | D        | Noticed a demonic crawler
  1036 | D        | Killed a demonic crawler
  1060 | D        | Killed a gargoyle
  1066 | D        | Noticed a demonic crawler
  1067 | D        | Noticed a demonic crawler
  1122 | D        | Killed a demonic crawler
  1130 | D        | Gained mutation: You are agile. (Dex +2) [Jiyva's grace]
  1185 | D        | Noticed a demonic crawler
  1201 | D        | Killed a demonic crawler
  1202 | D        | Killed a demonic crawler
  1202 | D        | Reached skill level 20 in Stealth
  1202 | D        | Reached skill level 1 in Spellcasting
  1420 | D        | Gained mutation: Your thick and shaggy fur keeps you warm (AC +3, rC+). [Jiyva's grace]
  1430 | D        | Gained mutation: You possess an exceptional clarity of mind. [Jiyva's grace]
  1440 | D        | Noticed a gargoyle
  1445 | D        | Killed a gargoyle
  1467 | D        | Noticed a lindwurm
  1469 | D        | Killed a lindwurm
  1480 | D        | Noticed a hog
  1480 | D        | Noticed a hog
  1480 | D        | Noticed a hog
  1480 | D        | Noticed a hog
  1480 | D        | Noticed a hog
  1480 | D        | Noticed a hog
  1480 | D        | Noticed a hog
  1480 | D        | Noticed a hog
  1480 | D        | Noticed a hog
  1481 | D        | Noticed a hog
  1482 | D        | Killed a hog
  1482 | D        | Reached skill level 10 in Hexes
  1483 | D        | Noticed a hog
  1483 | D        | Killed a hog
  1485 | D        | Killed a hog
  1486 | D        | Killed a hog
  1487 | D        | Noticed a hog
  1488 | D        | Killed a hog
  1489 | D        | Killed a hog
  1490 | D        | Killed a hog
  1491 | D        | Noticed a hog
  1493 | D        | Killed a hog
  1497 | D        | Killed a hog
  1497 | D        | Gained mutation: You can breathe flames. [Jiyva's grace]
  1500 | D        | Killed a hog
  1503 | D        | Killed a hog
  1507 | D        | Killed a hog
  1510 | D        | Killed a hog
  1551 | D        | Noticed a 12-headed hydra
  1553 | D        | Killed a 12-headed hydra
  1564 | D        | Noticed a daeva
  1567 | D        | Noticed an unseen horror
  1567 | D        | Noticed an unseen horror
  1567 | D        | Noticed an unseen horror
  1568 | D        | Noticed an unseen horror
  1570 | D        | Killed an unseen horror
  1571 | D        | Noticed an unseen horror
  1577 | D        | Killed an unseen horror
  1577 | D        | Reached skill level 5 in Spellcasting
  1583 | D        | Killed an unseen horror
  1584 | D        | Gained mutation: Your flesh is cold resistant. [Jiyva's grace]
  1584 | D        | Lost mutation: You passively map a small area around you. [Jiyva's grace]
  1588 | D        | Killed an unseen horror
  1594 | D        | Killed an unseen horror
  1594 | D        | Mutation became permanent: Your thick and shaggy fur keeps you warm (AC +3, rC+). [Felid growth]
  1594 | D        | Reached XP level 12. HP: 14/63 MP: 20/22
  1601 | D        | Gained mutation: Your flesh is very cold resistant. [Jiyva's grace]
  1607 | D        | Lost mutation: You heal slowly when monsters are visible. [Jiyva's grace]
  1693 | D        | Gained mutation: Your rubbery body absorbs attacks (AC +1). [Jiyva's grace]
  1755 | D        | Noticed a fire giant
  1756 | D        | Gained mutation: You are robust (+10% HP). [Jiyva's grace]
  1758 | D        | Noticed a fire giant
  1759 | D        | Noticed a fire giant
  1760 | D        | Noticed a fire giant
  1767 | D        | Killed a fire giant
  1767 | D        | HP: 3/69 [fire giant/fireball (50)]
  1768 | D        | Killed from afar by a fire giant
  1769 | D        | Reached XP level 11. HP: -15/63 MP: 22/22
  1770 | D        | Lost mutation: Your body is partially covered in golden eyeballs (Acc +3). [Jiyva's grace]
  1823 | D        | Lost mutation: You are agile. (Dex +2) [Jiyva's grace]
  1831 | D        | Gained mutation: You are partially covered in thin metallic scales (AC +2). [Jiyva's grace]
  1837 | D        | Gained mutation: You passively map a small area around you. [Jiyva's grace]
  1841 | D        | Noticed Norris
  1842 | D        | Noticed a lorocyproca
  1845 | D        | Lost mutation: Your skin is partially translucent (Stealth, -foe acc). [Jiyva's grace]
  1849 | D        | Gained mutation: You are agile. (Dex +2) [Jiyva's grace]
  1853 | D        | Gained mutation: Your body is partially covered in golden eyeballs (Acc +3). [Jiyva's grace]
  1854 | D        | Gained mutation: You have an increased reservoir of magic (+10% MP). [Jiyva's grace]
  1856 | D        | Killed a lorocyproca
  1859 | D        | Lost mutation: You can breathe flames. [Jiyva's grace]
  1862 | D        | Lost mutation: You are robust (+10% HP). [Jiyva's grace]
  1867 | D        | Gained mutation: Your skin is partially translucent (Stealth, -foe acc). [Jiyva's grace]
  1876 | D        | Lost mutation: You have an increased reservoir of magic (+10% MP). [Jiyva's grace]
  1876 | D        | Gained mutation: You are partially covered in slimy green scales (AC +2). [Jiyva's grace]
  1882 | D        | Gained mutation: You are partially covered in rugged brown scales (AC +1, +3% HP). [Jiyva's grace]
  1887 | D        | Lost mutation: Your body is partially covered in golden eyeballs (Acc +3). [Jiyva's grace]
  1889 | D        | Gained mutation: Your system is resistant to poisons. [Jiyva's grace]
  1891 | D        | Killed a fire giant
  1908 | D        | Noticed a siren
  1908 | D        | Noticed a deep elf annihilator
  1910 | D        | Gained mutation: You are very agile. (Dex +4) [Jiyva's grace]
  1911 | D        | Noticed a hellwing
  1912 | D        | Noticed a siren
  1912 | D        | Killed a jelly
  1913 | D        | Noticed a wasp
  1913 | D        | Noticed a wasp
  1914 | D        | Noticed a mummy priest
  1914 | D        | Noticed a wasp
  1914 | D        | Noticed a wasp
  1918 | D        | Killed a siren
  1921 | D        | Killed a wasp
  1928 | D        | Killed a deep elf annihilator
  1928 | D        | Reached skill level 15 in Hexes
  1928 | D        | Lost mutation: Your rubbery body absorbs attacks (AC +1). [Jiyva's grace]
  1929 | D        | Killed a wasp
  1934 | D        | Killed a wasp
  1936 | D        | Killed a wasp
  1944 | D        | Killed a hellwing
  1947 | D        | Killed a siren
  1950 | D        | Gained mutation: You passively map the area around you. [Jiyva's grace]
  1953 | D        | Lost mutation: Your skin is partially translucent (Stealth, -foe acc). [Jiyva's grace]
  1953 | D        | Lost mutation: You have acidic saliva. [Jiyva's grace]
  2026 | D        | Noticed an oklob plant
  2127 | D        | Killed a jelly
  2143 | D        | Killed a fire giant
  2150 | D        | Killed a fire giant
  2150 | D        | Reached skill level 15 in Dodging
  2182 | D        | Gained mutation: Your flesh is almost immune to the effects of cold. [Jiyva's grace]
  2182 | D        | Gained mutation: Your flesh is heat resistant. [Jiyva's grace]
  2183 | D        | Lost mutation: You are covered in slimy tendrils that may disarm your opponents. [Jiyva's grace]
  2233 | D        | Noticed a shadow dragon
  2234 | D        | Noticed a golden dragon
  2242 | D        | HP: 1/61 [golden dragon (10)]
  2247 | D        | Killed a golden dragon
  2247 | D        | Reached XP level 12. HP: 36/65 MP: 23/25
  2253 | D        | Killed a shadow dragon
  2428 | D        | Bought a book of Frost for 420 gold pieces
  2429 | D        | Bought a book of Enchantments for 650 gold pieces
  2429 | D        | Bought a book of Party Tricks for 650 gold pieces
  2437 | D        | Learned a level 6 spell: Invisibility
  2439 | D        | Noticed a centaur warrior
  2452 | D        | Killed a centaur warrior
  2475 | D        | Learned a level 6 spell: Haste
  2479 | D        | Learned a level 3 spell: Ozocubu's Armour
  2760 | D        | Killed a jelly
  2797 | D        | Found Negisin's Food Shoppe.
  2822 | D        | Gained mutation: Your mind is acute. (Int +2) [Jiyva's grace]
  2825 | D        | Lost mutation: You have a pair of small antennae on your head. [Jiyva's grace]
  2825 | D        | Lost mutation: You are very agile. (Dex +4) [Jiyva's grace]
  2826 | D        | Gained mutation: Your mind is very acute. (Int +4) [Jiyva's grace]
  2829 | D        | Lost mutation: Your system is resistant to poisons. [Jiyva's grace]
  2836 | D        | Gained mutation: Your system is resistant to poisons. [Jiyva's grace]
  2837 | D        | Noticed the 27-headed Lernaean hydra
  2841 | D        | Lost mutation: Your mind is very acute. (Int +4) [Jiyva's grace]
  2846 | D        | Killed the 27-headed Lernaean hydra
  2848 | D        | Noticed a deep elf master archer
  2912 | D        | Noticed Lom Lobon
  3006 | D        | Learned a level 1 spell: Apportation
  3080 | D        | Gained mutation: You are resistant to hostile enchantments. [Jiyva's grace]
  3094 | D        | Killed from afar by Lom Lobon
  3095 | D        | Reached XP level 11. HP: -8/59 MP: 20/34
  3106 | D        | Noticed Tiamat
  3158 | D        | Killed a deep elf master archer
  3397 | D        | Noticed a ball lightning
  3397 | D        | Noticed a ball lightning
  3397 | D        | Noticed a ball lightning
  3397 | D        | Killed a ball lightning
  3398 | D        | Noticed a ball lightning
  3398 | D        | Noticed a ball lightning
  3398 | D        | Noticed a ball lightning
  3398 | D        | Noticed a ball lightning
  3398 | D        | Engulfed by a cloud of foul pestilence

Vault maps used:
D:        dungeon_sprint_1

Action                   |  1- 3 |  4- 6 |  7- 9 | 10-12 || total
-------------------------+-------+-------+-------+-------++-------
Melee: Unarmed           |    15 |     4 |    19 |   205 ||   243
 Cast: Confusing Touch   |       |       |       |     9 ||     9
       Ozocubu's Armour  |       |       |       |     1 ||     1
       Invisibility      |       |       |       |     2 ||     2
Invok: Request Jelly     |       |       |       |     1 ||     1
       Cure Bad Mutation |       |       |       |     7 ||     7
  Use: Potion            |       |       |       |     5 ||     5
       Scroll            |       |       |       |     4 ||     4
 Stab: Sleeping          |     1 |     4 |     8 |    17 ||    30
       Confused          |       |       |       |    11 ||    11
       Distracted        |       |       |       |     2 ||     2
       Invisible         |       |       |       |     1 ||     1
  Eat: Chunk             |       |       |       |     4 ||     4
